 Dungeon Crawl Stone Soup version 0.27-a0-1193-g8631133539 (webtiles) character file.

Game seed: 1296435818142301998

5634 roflturtle the Destroyer (level 10, -1/78 HPs)
             Began as a Demigod Conjurer on May 26, 2021.
             Shot with an arrow by a centaur warrior (15 damage)
             ... on level 9 of the Dungeon.
             The game lasted 00:50:49 (11021 turns).

roflturtle the Destroyer (Demigod Conjurer)        Turns: 11021, Time: 00:50:50

Health: -1/78      AC:  5    Str:  8    XL:     10   Next: 22%
Magic:  4/23       EV: 14    Int: 32    God:
Gold:   433        SH:  0    Dex: 12    Spells: 5/21 levels left

rFire    . . .     SeeInvis .   v - +6 short sword
rCold    . . .     Faith    .   (no shield)
rNeg     . . .     Spirit   .   x - +1 robe {Archmagi}
rPois    .         Reflect  .   a - +1 hat
rElec    .         Harm     .   (no cloak)
rCorr    .         Rampage  .   A - +0 pair of gloves
Will     +....                  (no boots)
Stlth    ++........             (no amulet)
HPRegen  0.23/turn              (no ring)
MPRegen  0.18/turn              (no ring)

@: studying Slings
A: high mp 1, forlorn
a: no special abilities


You were on level 9 of the Dungeon.
You visited 2 branches of the dungeon, and saw 10 of its levels.
You also visited: Bailey.

You collected 433 gold pieces.

Inventory:

Hand Weapons
 u - a +4 scimitar of flaming
 v - a +6 short sword (weapon)
 B - the +0 great mace "Byulaul" {vamp, +Rage Str+6 Int-2 Dex+2}
   (You found it on level 9 of the Dungeon)

   It inflicts no extra harm, but heals its wielder when it wounds a living foe.
   It affects your strength (+6).
   It affects your intelligence (-2).
   It affects your dexterity (+2).
   It lets you go berserk.
Missiles
 y - 2 throwing nets
 I - a curare-tipped dart
Armour
 a - a +1 hat (worn)
 w - a +2 robe of positive energy
 x - a +1 robe of the Archmagi (worn)
 A - a +0 pair of gloves (worn)
 H - +0 steam dragon scales
Wands
 i - a wand of iceblast (17)
 l - a wand of flame (8)
 n - a wand of digging (4)
 o - a wand of mindburst (15)
 p - a wand of acid (11)
 G - a wand of paralysis (11)
Scrolls
 b - 2 scrolls of summoning {unknown}
 d - 4 scrolls of teleportation
 e - a scroll of enchant armour {unknown}
 f - 2 scrolls of immolation {unknown}
 g - 3 scrolls of enchant weapon
 h - a scroll of torment {unknown}
 r - 2 scrolls of amnesia {unknown}
 z - a scroll of magic mapping {unknown}
 D - 2 scrolls of fear {unknown}
 E - 3 scrolls of blinking {unknown}
 F - a scroll of acquirement {unknown}
Potions
 c - 2 potions of flight {unknown}
 j - 4 potions of curing
 m - a potion of magic
 q - a potion of lignification {unknown}
 s - a potion of might
 t - a potion of berserk rage
Miscellaneous
 C - a box of beasts


   Skills:
 - Level 4.1 Fighting
 - Level 5.5 Dodging
 - Level 2.1 Stealth
 + Level 6.4 Spellcasting
 - Level 9.1 Conjurations
 - Level 4.0 Hexes
 - Level 5.1 Evocations


You had 5 spell levels left.
You knew the following spells:

 Your Spells              Type           Power      Damage    Failure   Level
a - Magic Dart            Conj           100%       1d8       1%          1
b - Searing Ray           Conj           100%       3d7       1%          2
c - Dazzling Flash        Conj/Hex       100%       N/A       1%          3
d - Slow                  Hex            52%        N/A       1%          2
e - Fulminant Prism       Conj/Hex       34%        3d16      3%          4
f - Iskenderun's Mystic   Conj/Tloc      56%        2d12      7%          4

Your spell library contained the following spells:

 Spells                   Type           Power      Damage    Failure   Level
 Conjure Flame            Conj/Fire      56%        6-21      1%          3
 Tukima's Dance           Hex            52%        N/A       2%          3
 Mephitic Cloud           Conj/Pois/Air  44%        N/A       3%          3
 Animate Skeleton         Necr           30%        N/A       4%          1
 Apportation              Tloc           30%        N/A       4%          1
 Pain                     Necr           60%        1d7       4%          1
 Blink                    Tloc           N/A        N/A       7%          2
 Call Imp                 Summ           15%        N/A       7%          2
 Poisonous Vapours        Pois/Air       30%        N/A       7%          2
 Lesser Beckoning         Tloc           7%         N/A       13%         3
 Vampiric Draining        Necr           7%         2d7       13%         3
 Animate Dead             Necr           7%         N/A       41%         4
 Agony                    Necr           15%        N/A       77%         5
 Alistair's Intoxication  Tmut/Pois      10%        N/A       77%         5
 Invisibility             Hex            52%        N/A       78%         6
 Freezing Cloud           Conj/Ice/Air   22%        6-21      89%         6


Dungeon Overview and Level Annotations

Branches:
Dungeon (9/15)             Temple (1/1) D:7          Bailey (visited)
   Lair: D:8-11         Orc: D:9-12


Innate Abilities, Weirdness & Mutations

Your attributes grow dramatically as you level up.
You have an increased reservoir of magic. (+10% MP)
You shall have no god before yourself.


Message History

You kill the kobold!
The blast of energy engulfs the two-headed ogre!!
The two-headed ogre is moderately wounded.
The blast of energy engulfs the kobold!!
You kill the kobold!
The blast of energy engulfs the kobold brigand!!!
You kill the kobold brigand!
The blast of energy engulfs the yak!!!
You kill the yak!
The blast of energy engulfs the centaur warrior!!
The centaur warrior is heavily wounded.
Casting: Fulminant Prism (dangerous; 3% risk of failure)
Confirm with . or Enter, or press ? or * to list all spells.
Aiming: Fulminant Prism (dangerous; 3% risk of failure)
Press: ? - help, Dir - move target You feel a surge of power!
You conjure a prism of explosive energy!
A fulminant prism comes into view.
Your fulminant prism crackles loudly.
Your fulminant prism explodes!
The blast of energy engulfs the two-headed ogre!!
The two-headed ogre is almost dead.
The blast of energy engulfs the centaur warrior.
The centaur warrior is heavily wounded.
The centaur warrior wields a +0 shortbow.
The centaur warrior shoots an arrow.
The arrow hits you!
The centaur warrior shoots an arrow.
The arrow hits you!
Things that are here:
a +0 whip of electrocution; 8 poisoned darts The centaur warrior shoots an arrow.
The arrow hits you!!
The centaur warrior shoots an arrow.
The arrow hits you!!
* * * LOW HITPOINT WARNING * * *
You see here a +0 short sword.
The centaur warrior shoots an arrow.
The arrow hits you!!
* * * LOW HITPOINT WARNING * * *
The vampire casts a spell at itself.
The vampire flickers and vanishes!
Deactivating autopickup; reactivate with Ctrl-A.
You feel much better.
The centaur warrior shoots an arrow.
The arrow hits you!
You die...

#........#
#.....#.....######
#....K...# #.....#.....#
######V..# #.....#.....#
#..c# #.....#.....# #.O)#
#(....#<....####### #...#
####.....#...........<
#...###....)...####.........
#...{c...)))).....#.........
#......O.).@......+..#####..
#......########...#..#...#..
#......# #...'..'...#..
#......# #...#..#...'.. .#
........# #...#..#...#..
.#..........# #...#..#...#..
.#..........# #...#..#...#..
.#............
#...#..#####..
.#............
....#.........


You could see a centaur warrior and a two-headed ogre.

Vanquished Creatures
  Erica (D:8)
  A deep elf pyromancer (D:9)
  Pikel (D:7)
  Prince Ribbit (D:7)
  A hornet (D:8)
  4 yaks (D:9)
  A steam dragon (D:9)
  A water moccasin (D:7)
  An orc warrior (D:4)
  A black bear (D:8)
  A sky beast (D:7)
  An ogre (D:5)
  A centaur (D:9)
  A phantom (D:4)
  3 lemures (D:7)
  3 kobold brigands
  2 bullfrogs
  2 gnoll sergeants (Bailey)
  A scorpion (D:5)
  A wyvern skeleton (D:5)
  4 killer bees (D:9)
  A howler monkey (D:9)
  12 wights (D:6)
  A bullfrog zombie (D:5)
  2 centaur zombies
  8 hounds
  5 gnoll shamans
  2 orc priests
  2 orc wizards
  7 iguanas
  A scorpion zombie (D:5)
  A killer bee zombie (D:6)
  A hound skeleton (D:5)
  A howler monkey zombie (D:5)
  Robin (D:2)
  20 gnolls
  4 adders
  2 shadow imps
  2 white imps
  2 worms
  12 orcs
  5 bats
  6 endoplasms
  3 giant cockroaches
  14 goblins
  9 hobgoblins
  2 jackals (D:1)
  5 quokkas
  9 ball pythons
  2 frilled lizards
  11 kobolds
  4 rats
190 creatures vanquished.

Vanquished Creatures (others)
  19 fulminant prisms
19 creatures vanquished.

Grand Total: 209 creatures vanquished

Notes
Turn   | Place    | Note
-------+----------+-------------------------------------------
     0 | D:1      | roflturtle the Demigod Conjurer began the quest for the
                  | Orb.
     0 | D:1      | Reached XP level 1. HP: 14/14 MP: 5/5
   242 | D:1      | Reached XP level 2. HP: 20/20 MP: 1/7
   649 | D:1      | Reached skill level 4 in Conjurations
  1182 | D:2      | Reached XP level 3. HP: 26/26 MP: 6/9
  1580 | D:2      | Learned a level 2 spell: Searing Ray
  1584 | D:2      | Learned a level 3 spell: Dazzling Flash
  1916 | D:2      | Noticed Robin
  1967 | D:2      | Killed Robin
  2438 | D:3      | Learned a level 2 spell: Slow
  2490 | D:3      | Reached XP level 4. HP: 33/33 MP: 5/11
  2560 | D:3      | Reached skill level 1 in Hexes
  3427 | D:4      | Noticed a phantom
  3437 | D:4      | Killed a phantom
  3438 | D:4      | Reached XP level 5. HP: 14/38 MP: 1/12
  3977 | D:4      | Noticed an orc warrior
  4323 | D:4      | Killed an orc warrior
  4324 | D:4      | Reached XP level 6. HP: 23/45 MP: 0/13
  4659 | D:5      | Entered Level 5 of the Dungeon
  4674 | D:5      | Noticed a +0 dagger
  4674 | D:5      | Noticed a +0 dagger
  4873 | D:5      | Reached skill level 5 in Conjurations
  5272 | D:5      | Reached XP level 7. HP: 50/50 MP: 6/14
  5942 | D:5      | Learned a level 4 spell: Fulminant Prism
  6469 | D:6      | Reached skill level 6 in Conjurations
  6470 | D:6      | Reached XP level 8. HP: 57/57 MP: 2/17
  6690 | D:6      | Reached skill level 5 in Spellcasting
  6712 | D:6      | Reached skill level 1 in Fighting
  7648 | D:7      | Noticed Pikel
  7659 | D:7      | Killed Pikel
  7660 | D:7      | Reached skill level 5 in Evocations
  7709 | D:7      | Noticed Prince Ribbit
  7715 | D:7      | Killed Prince Ribbit
  7716 | D:7      | Reached XP level 9. HP: 70/71 MP: 4/20
  7934 | D:7      | Reached skill level 7 in Conjurations
  8069 | D:7      | Found a staircase to the Ecumenical Temple.
  8098 | Temple   | Entered the Ecumenical Temple
  9096 | D:8      | Paralysed by a hornet for 1 turns
  9253 | D:8      | Found a flagged portal.
  9255 | D:8      | Noticed Erica
  9265 | D:8      | Killed Erica
  9266 | D:8      | Reached skill level 9 in Conjurations
  9317 | Bailey   | Entered a bailey
  9903 | D:8      | Learned a level 4 spell: Iskenderun's Mystic Blast
 10130 | D:9      | Identified the +0 great mace "Byulaul" {vamp, +Rage Str+6
                  | Int-2 Dex+2}
 10489 | D:9      | Noticed a deep elf pyromancer
 10503 | D:9      | Killed a deep elf pyromancer
 10504 | D:9      | Reached skill level 5 in Dodging
 10504 | D:9      | Reached XP level 10. HP: 78/78 MP: 5/21
 11005 | D:9      | Noticed a two-headed ogre
 11007 | D:9      | Noticed a centaur warrior
 11020 | D:9      | HP: 3/78 [centaur warrior/arrow (19)]
 11021 | D:9      | Shot with an arrow by a centaur warrior

Illustrated notes

Levels and vault maps discovered:
D:1:      mrwooster_arrival_statue_3, layout_basic,
          ebering_ecumenical_altar_abandoned
D:2:      layout_basic, uniq_robin
D:3:      layout_rooms
D:4:      layout_layer_cave
D:5:      layout_basic, dancing_weapons_uskayaw, minmay_door_square,
          st_stairs_3, lemuel_another_geyser
D:6:      layout_loops_cross, grunt_ministairs_14
D:7:      layout_gridville, minmay_temple_entry_stoned_glass,
          palyth_stone_intersect, uniq_prince_ribbit1, uniq_pikel
D:8:      layout_rooms, enter_bailey_5, uniq_erica
D:9:      layout_irregular_city, kennysheep_little_box,
          grunt_temple_overflow_open, lightli_fourway_metalbox, uniq_psyche
Temple:   minmay_temple_bridge_d

Skill      XL: |  1  2  3  4  5  6  7  8  9 10 |
---------------+-------------------------------+-----
Spellcasting   | 2 3 4 5 6 |  6.4
Dodging        | 2 3 5 |  5.5
Stealth        | 2 |  2.1
Conjurations   | 4 5 6 9 |  9.1
Hexes          | 2 4 |  4.0
Evocations     | 2 3 5 |  5.1
Fighting       | 4 |  4.1

Action                   |  1- 3 |  4- 6 |  7- 9 | 10-12 || total
-------------------------+-------+-------+-------+-------++-------
Melee: Dagger            |    56 |    36 |    26 |       ||   118
       Short sword       |       |       |    22 |     2 ||    24
 Cast: Magic Dart        |   100 |    72 |    62 |       ||   234
       Searing Ray       |       |    17 |    46 |     4 ||    67
       Slow              |       |     4 |    13 |     1 ||    18
       Fulminant Prism   |       |       |    15 |     4 ||    19
       Iskenderun's Myst |       |       |       |     3 ||     3
       Dazzling Flash    |       |       |       |     1 ||     1
Evoke: Wand              |       |     1 |       |       ||     1
  Use: Scroll            |       |       |     9 |       ||     9
       Potion            |       |       |     1 |     1 ||     2
 Stab: Sleeping          |     1 |       |     1 |       ||     2
Armor: Robe              |    17 |    14 |    18 |     3 ||    52
Dodge: Dodged            |    39 |    43 |    61 |    14 ||   157

Table legend: (Time is in decaauts)
 A = Elapsed time spent in this place.
 B = Non-inter-level travel time spent in this place.
 C = Inter-level travel time spent in this place.
 D = Time resting spent in this place.
 E = Time spent auto-exploring this place.
 F = Levels seen in this place.
 G = Mean time per level.
                   A        B        C        D        E       F      G
               +--------+--------+--------+--------+--------+-----+--------+
         Total |  11034 |  10623 |    411 |   2130 |   6795 |  11 | 1003.1 |
       Dungeon |  10504 |  10167 |    337 |   1987 |   6579 |   9 | 1167.1 |
        Temple |    309 |    235 |     74 |      0 |    216 |   1 |  309.0 |
        Bailey |    220 |    220 |      0 |    143 |      0 |   1 |  220.0 |
               +--------+--------+--------+--------+--------+-----+--------+

Top non-repeatable levels by time:
     D:4: 1411 daAuts
     D:2: 1355 daAuts
     D:7: 1326 daAuts
     D:5: 1311 daAuts
     D:6: 1144 daAuts
     D:1: 1142 daAuts
     D:3: 1014 daAuts
     D:9: 913 daAuts
     D:8: 884 daAuts
  Temple: 309 daAuts
  Bailey: 220 daAuts
